 Dungeon Crawl Stone Soup version 0.20-a0-941-gba1b1f9 (webtiles) character file.

496 Duffy the Chopper (level 6, 0/48 HPs)
             Began as a Demonspawn Fighter on Mar 31, 2017.
             Was an Initiate of Makhleb.
             Slain by a wight
             ... wielding a +0 halberd
              (2 damage)
             ... on level 6 of the Dungeon.
             The game lasted 00:04:14 (4700 turns).

Duffy the Chopper (Demonspawn Fighter)              Turns: 4700, Time: 00:04:14

Health: 0/48       AC: 12    Str: 18    XL:     6   Next: 93%
Magic:  6/6        EV:  4    Int:  9    God:    Makhleb [......]
Gold:   197        SH:  8    Dex: 13    Spells: 5/5 levels left

rFire    . . .     SeeInvis .   a - +0 war axe
rCold    . . .     Gourm    +   c - +0 shield
rNeg     . . .     Faith    .   o - +0 chain mail
rPois    .         Spirit   .   (no helmet)
rElec    .         Reflect  .   (no cloak)
rCorr    .         Harm     .   (no gloves)
MR       .....                  (no boots)
Stlth    ..........             u - amulet of the gourmand
Regen    0.2/turn               (no ring)
MPRegen  0.1/turn               s - +2 ring of protection

@: heavily drained
A: hooves 1, slimy green scales 1, powered by pain 2
a: Renounce Religion


You were on level 6 of the Dungeon.
You worshipped Makhleb.
Makhleb was noncommittal.
You were not hungry.

You visited 2 branches of the dungeon, and saw 8 of its levels.

You collected 197 gold pieces.

Inventory:

Hand Weapons
 a - a +0 war axe (weapon)
 b - a +2 dagger of venom
 w - a +1 flail of protection
Armour
 c - a +0 shield (worn)
 o - a +0 chain mail (worn)
Jewellery
 j - an uncursed ring of wizardry {unknown}
 s - a +2 ring of protection (right hand)
 u - an amulet of the gourmand (around neck)
 v - an uncursed ring of flight
 z - an uncursed ring of wizardry {unknown}
Wands
 m - a wand of paralysis (12/24)
Scrolls
 g - a scroll of enchant weapon
 l - a scroll of teleportation
 p - a scroll of magic mapping
 r - a scroll of immolation
 t - 2 scrolls of recharging
 y - a scroll of fog
 B - 2 scrolls of enchant armour {unknown}
Potions
 d - a potion of might
 e - a potion of magic
 i - 5 potions of curing
 n - a potion of berserk rage {unknown}
 q - a potion of invisibility {unknown}
 x - a potion of flight {unknown}
Comestibles
 f - 4 bread rations
 h - 3 meat rations
 k - 2 royal jellies


   Skills:
 + Level 4.2(2.8) Fighting
 * Level 4.7(3.2) Axes
 + Level 3.9(2.4) Armour
 + Level 3.9(2.5) Shields


You had 5 spell levels left.
You didn't know any spells.

Dungeon Overview and Level Annotations

Branches:
Dungeon (7/15)             Temple (1/1) D:5

Altars:
Cheibriados
Elyvilon
Fedhas
Gozag
Kikubaaqudgha
Makhleb
Nemelex Xobeh
Qazlal
Ru
Trog
Uskayaw
Vehumet
Wu Jian
Yredelemnul
Zin
The Shining One

Shops:
D:4 (

Annotations:
D:5 exclusion: statue
D:6 Dowan, Duvessa


Innate Abilities, Weirdness & Mutations

You have large cloven feet.
You are partially covered in slimy green scales. (AC +2)
You sometimes gain power by taking damage.


Message History

You are too injured to fight recklessly!
You are too injured to fight recklessly!
You are too injured to fight recklessly!
You are too injured to fight recklessly!
You are too injured to fight recklessly!
You are too injured to fight recklessly!
You are too injured to fight recklessly!
You are too injured to fight recklessly!
You are too injured to fight recklessly!
You are too injured to fight recklessly!
You are too injured to fight recklessly!
You are too injured to fight recklessly!
You hit the wight but do no damage.
The wight is moderately damaged.
You hit the wight. You closely miss the wight.
Your shield and chain mail prevent you from hitting Duvessa.
Dowan casts a spell.
Dowan blinks!
You block the wight's attack. The wight hits you with a halberd!
You feel drained.
You die...

#....z......
#######..g........
#....#####z#.####.
#....# ##.#.####.
#....# ##..#.#..
#....###.........#
#gZg..........###.
#ezg.#...####.....
#@z0.#........%)..
#z0..#...##.......
#...e#...##...<...
###########.......
#...)... #.......
########


You could see Duvessa, Dowan, a gnoll shaman, 3 wights, 2 gnolls and a howler
monkey zombie.

Vanquished Creatures
  2 centaurs (D:5)
  2 hounds
  Terence (D:3)
  2 orc wizards (D:6)
  A worker ant (D:4)
  A hound skeleton (D:4)
  A worker ant zombie (D:7)
  2 gnolls (D:6)
  5 adders
  An ooze (D:1)
  2 dart slugs (D:3)
  5 leopard geckos
  7 orcs
  3 giant cockroaches (D:2)
  6 hobgoblins
  3 jackals (D:2)
  6 kobolds
  2 quokkas
  3 ball pythons
  6 bats
  5 frilled lizards
  7 goblins
  10 rats
83 creatures vanquished.

Notes
Turn   | Place    | Note
-------+----------+-------------------------------------------
     0 | D:1      | Duffy the Demonspawn Fighter began the quest for the Orb.
     0 | D:1      | Reached XP level 1. HP: 18/18 MP: 1/1
   275 | D:1      | Gained mutation: You have large cloven feet. [demonic ancestry]
   275 | D:1      | Reached XP level 2. HP: 21/24 MP: 2/2
   847 | D:2      | Gained mutation: You sometimes gain a little power by taking damage. [demonic ancestry]
   847 | D:2      | Reached XP level 3. HP: 26/29 MP: 3/3
  1026 | D:2      | Found a sparkling altar of Nemelex Xobeh.
  1044 | D:2      | Found a hide-covered altar of Uskayaw.
  1649 | D:2      | Reached XP level 4. HP: 35/35 MP: 4/4
  1718 | D:3      | Noticed Terence
  1740 | D:3      | Killed Terence
  1972 | D:3      | Gained mutation: You sometimes gain power by taking damage. [demonic ancestry]
  1972 | D:3      | Reached XP level 5. HP: 41/41 MP: 5/5
  2333 | D:4      | Found Dureuk's Weapon Emporium.
  2835 | D:5      | Entered Level 5 of the Dungeon
  2856 | D:5      | Found a radiant altar of Vehumet.
  2857 | D:5      | Noticed a charred statue
  2912 | D:5      | Found a staircase to the Ecumenical Temple.
  2965 | Temple   | Entered the Ecumenical Temple
  3028 | Temple   | Became a worshipper of Makhleb the Destroyer
  3124 | D:5      | Got a polished ring mail
  3135 | D:5      | Identified the cursed +0 ring mail of the Duke {Str+2} (You found it on level 5 of the Dungeon)
  3341 | D:5      | Found a sacrificial altar of Ru.
  3394 | D:5      | Noticed a centaur
  3407 | D:5      | Killed a centaur
  3407 | D:5      | Gained mutation: You are partially covered in slimy green scales. (AC +2) [demonic ancestry]
  3407 | D:5      | Reached XP level 6. HP: 45/48 MP: 6/6
  4370 | D:6      | Noticed Duvessa
  4377 | D:6      | Noticed Dowan
  4700 | D:6      | HP: 2/48 [wight/halberd (9)]
  4700 | D:6      | Slain by a wight

Vault maps used:
D:1:      dpeg_arrival_subterranean_lakeside_camping
D:2:      old_standard_altar, nemelex_xobeh_ov_fountains_minmay
D:3:      first_bread, uniq_terence
D:4:      serial_shops, shop
D:5:      vehumet_statue, kennysheep_mini, minmay_temple_entry_statues_fountains
D:6:      uniq_blork_the_orc, uniq_duvessa
Temple:   nicolae_temple_x_marks_the_god

Skill      XL: |  1  2  3  4  5  6 |
---------------+-------------------+-----
Axes           | 2 3 4 |  4.7
Armour         | 3 |  3.9
Shields        | 3 |  3.9
Fighting       | 4 |  4.2

Action                   |  1- 3 |  4- 6 || total
-------------------------+-------+-------++-------
Melee: War axe           |    68 |    19 ||    87
       Kick              |    19 |    59 ||    78
       Dagger            |    55 |   184 ||   239
  Use: Potion            |     1 |       ||     1
       Scroll            |       |    10 ||    10
  Eat: Chunk             |     1 |    11 ||    12
Armor: Scale mail        |    42 |       ||    42
       Chain mail        |    17 |   133 ||   150
Dodge: Dodged            |    34 |    46 ||    80
Block: Shield            |    66 |   108 ||   174
